 Dungeon Crawl Stone Soup version 0.28.0 (webtiles) character file.

Game seed: 9668547391867914097

61 Dani the Sneak (level 4, 38/38 HPs)
             Began as a Ghoul Delver on Feb 6, 2022.
             Was a Follower of Dithmenos.
             Quit the game on level 2 of the Dungeon.
             The game lasted 00:03:00 (1665 turns).

Dani the Sneak (Ghoul Delver)                       Turns: 1665, Time: 00:03:01

Health: 38/38      AC:  4    Str: 17    XL:     4   Next: 7%
Magic:  3/3        EV: 11    Int:  5    God:    Dithmenos [*.....]
Gold:   70         SH:  0    Dex: 10    Spells: 3/3 levels left

rFire   . . .      SeeInvis .     - Unarmed
rCold   + . .      Faith    .   (no shield)
rNeg    + + +      Spirit   .   k - +0 leather armour {Will+}
rPois   ∞          Reflect  .   (no helmet)
rElec   .          Harm     .   (no cloak)
rCorr   .          Rampage  .   c - +0 pair of gloves
Will    +....                   (no boots)
Stlth   +++.......              (no amulet)
HPRegen 0.12/turn               (no ring)
MPRegen 0.08/turn               (no ring)

@: wreathed by umbra
A: claws 1, cold resistance 1, negative energy resistance 3, inhibited
regeneration, torment resistance 2
a: Renounce Religion


You were on level 2 of the Dungeon.
You worshipped Dithmenos.
Dithmenos was aware of your devotion.
You visited 1 branch of the dungeon, and saw 5 of its levels.

You collected 70 gold pieces.

Inventory:

Missiles
 m - 5 javelins (quivered)
Armour
 a - a +0 leather armour
 c - a +0 pair of gloves (worn)
   (You found it on level 4 of the Dungeon)
 k - a +0 leather armour of willpower (worn)
   (You found it on level 1 of the Dungeon)
Jewellery
 f - a ring of willpower
   (You took it off a goblin on level 2 of the Dungeon)
 j - an amulet of the acrobat
   (You found it on level 1 of the Dungeon)
Wands
 D - a wand of digging (3)
Scrolls
 b - a scroll of fog
 d - a scroll of fear
 e - 2 scrolls of teleportation {unknown}
 g - a scroll of identify {unknown}
 h - a scroll of enchant armour {unknown}
 M - a scroll of magic mapping
Potions
 i - a potion of curing {unknown}
 l - 3 potions of heal wounds {unknown}
 n - a potion of brilliance {unknown}
 H - 2 potions of haste


   Skills:
 - Level 3.2 Fighting
 - Level 1.7 Dodging
 - Level 5.4 Stealth
 * Level 4.6 Unarmed Combat


You had 3 spell levels left.
You didn't know any spells.
Your spell library contained the following spells:

 Spells                   Type           Power      Damage    Failure   Level
 Magic Dart               Conj           0%         1d3       54%         1
 Searing Ray              Conj           0%         2d4       69%         2
 Fulminant Prism          Conj/Hex       0%         3d6       100%        4


Dungeon Overview and Level Annotations

Branches:
Dungeon (5/15)
 Temple: D:4-7

Altars:
Dithmenos


Innate Abilities, Weirdness & Mutations

You thrive by killing the living.
You are immune to poison.
You have sharp fingernails.
Your flesh is cold resistant. (rC+)
You are immune to negative energy. (rN+++)
You do not regenerate when monsters are visible.
You are immune to unholy pain and torment.


Message History

A dart slug is nearby!
You hit the dart slug.
The dart slug is almost dead.
The dart slug launches a dart at you. The slug dart hits you.
A dart slug is nearby!
A dart slug is nearby!
You punch the dart slug!
You kill the dart slug!
You have reached level 4!
Key pressed, stopping explore.
No target in view!
No target in view!
Key pressed, stopping explore.
No target in view!
You see here a dart slug corpse.
Key pressed, stopping explore.
No target in view!
Key pressed, stopping explore.
No target in view!
Key pressed, stopping explore.
No target in view!
A bat comes into view.
Found a potion of haste.
A bat is nearby!
A bat is nearby!
A bat is nearby!
Found 2 red potions.
The bat hits you but does no damage.
A bat is nearby!
You miss the bat. The bat closely misses you.
A bat is nearby!
A giant cockroach comes into view.
The bat hits you but does no damage.
There are monsters nearby!
You hit the bat.
The bat is severely wounded.
The bat hits you but does no damage.
There are monsters nearby!
The bat hits you. The bat hits you but does no damage.
There are monsters nearby!
You hit the bat.
You kill the bat!
You feel better.
A giant cockroach is nearby!
A giant cockroach is nearby!
A giant cockroach is nearby!
A giant cockroach is nearby!
A giant cockroach is nearby!
The giant cockroach barely misses you.
A giant cockroach is nearby!
You hit the giant cockroach.
The giant cockroach is severely wounded.
The giant cockroach misses you.
A giant cockroach is nearby!
You closely miss the giant cockroach.
The giant cockroach is severely wounded.
The giant cockroach misses you.
A giant cockroach is nearby!
A giant cockroach is nearby!
You hit the giant cockroach.
You kill the giant cockroach!
No target in view!
l - 3 red potions (gained 2) Key pressed, stopping explore.
No target in view!
H - 2 potions of haste (gained 1) Key pressed, stopping explore.
No target in view!
Key pressed, stopping explore.
No target in view!
You open the door.
Found a faded altar of an unknown god.
There is an open door here.
Key pressed, stopping explore.
No target in view!
Key pressed, stopping explore.
No target in view!
Key pressed, stopping explore.
No target in view!
Key pressed, stopping explore.
No target in view!
Sorry, I don't know how to get there.
There is an open door here.
You punch the withered plant!
The withered plant begins to crumble.
The withered plant is lightly damaged.
You punch the withered plant!
The withered plant is lightly damaged.
You hit the withered plant.
The withered plant is lightly damaged.
You hit the withered plant.
The withered plant is lightly damaged.
You hit the withered plant.
The withered plant is lightly damaged.
The withered plant crumbles away.
There is a faded altar of an unknown god here.
You cannot tell which god this altar belongs to.
Convert to them anyway?
Dithmenos accepts your prayer! Dithmenos welcomes you!
You are shrouded in an aura of darkness!
Are you sure you want to abandon this character and quit the game? (Confirm with "yes".) ###### #### #PPPP##

....# ###P..PP###.....#
#.'.PP.P.@P.....+
#.#PPP..###.....#
#.#PPPP## .P.P#
#.############### ###
#.##...........# ..##
#.##.#.........#
...#####....#.........#
...........##.........#.#
....#.....###........†..#


There were no monsters in sight!

Vanquished Creatures
  2 adders (D:2)
  A dart slug (D:2)
  5 endoplasms
  2 giant cockroaches
  3 goblins
  7 hobgoblins
  A quokka (D:1)
  4 ball pythons
  3 bats
  7 kobolds
  4 rats
39 creatures vanquished.

Vanquished Creatures (others)
  A withered plant (D:2)
1 creature vanquished.

Grand Total: 40 creatures vanquished

Notes
Turn   | Place    | Note
-------+----------+-------------------------------------------
     0 | D:5      | Dani the Ghoul Delver began the quest for the Orb.
     0 | D:5      | Reached XP level 1. HP: 19/19 MP: 0/0
   140 | D:2      | Reached skill level 3 in Unarmed Combat
   140 | D:2      | Reached XP level 2. HP: 26/26 MP: 1/1
   509 | D:1      | Reached XP level 3. HP: 16/31 MP: 2/2
   809 | D:1      | Reached skill level 4 in Unarmed Combat
  1486 | D:2      | Reached XP level 4. HP: 28/38 MP: 3/3
  1629 | D:2      | Found a faded altar of an unknown god.
  1664 | D:2      | Prayed at the altar of an unknown god.
  1664 | D:2      | Became a worshipper of Dithmenos the Shadowed
  1664 | D:2      | Reached * piety under Dithmenos
  1665 | D:2      | Quit the game

Illustrated notes

Levels and vault maps discovered:
D:1:      dpeg_arrival_yet_another_circle, layout_loops_cross
D:2:      layout_rooms, shapermc_ecumenical_altar_flowoftime,
          minmay_splitting_lines, grunt_ministairs_5
D:3:      layout_loops_ring
D:4:      layout_rooms, zin_statuary, grunt_ministairs_5
D:5:      nicolae_cairo_tiling, layout_basic, minmay_temple_entry_glassed_door,
          minivault_24, minmay_misc_feat_rugged, hangedman_decor_push

Skill      XL: |  1  2  3 |
---------------+----------+-----
Unarmed Combat | 3 4 |  4.6
Fighting       | |  3.2
Dodging        | |  1.7
Stealth        | |  5.4

Action                   |  1- 3 |  4- 6 || total
-------------------------+-------+-------++-------
Melee: Unarmed           |   102 |    11 ||   113
       Punch             |     3 |       ||     3
 Stab: Sleeping          |    11 |       ||    11
Armor: Leather armour    |    25 |     4 ||    29
Dodge: Dodged            |    52 |     4 ||    56

Table legend: (Time is in decaauts)
 A = Elapsed time spent in this place.
 B = Non-inter-level travel time spent in this place.
 C = Inter-level travel time spent in this place.
 D = Time resting spent in this place.
 E = Time spent auto-exploring this place.
 F = Levels seen in this place.
 G = Mean time per level.
                   A        B        C        D        E       F      G
               +--------+--------+--------+--------+--------+-----+--------+
         Total |   1656 |   1591 |     65 |      0 |   1195 |   5 |  331.2 |
       Dungeon |   1656 |   1591 |     65 |      0 |   1195 |   5 |  331.2 |
               +--------+--------+--------+--------+--------+-----+--------+

Top non-repeatable levels by time:
     D:1: 895 daAuts
     D:2: 655 daAuts
     D:5: 53 daAuts
     D:4: 32 daAuts
     D:3: 20 daAuts

Table legend:
 A = Kills in this place as a percentage of kills in entire the game.
 B = Kills by you in this place as a percentage of kills by you in the entire game.
 C = Kills by friends in this place as a percentage of kills by friends in the entire game.
 D = Other kills in this place as a percentage of other kills in the entire game.
 E = Experience gained in this place as a percentage of experience gained in the entire game.
 F = Experience gained in this place divided by the number of levels of this place that you have seen.
                   A       B       C       D       E      F
               +-------+-------+-------+-------+-------+----------------------
         Total | 100.0 | 100.0 |   N/A |   N/A | 100.0 |  17.6
       Dungeon | 100.0 | 100.0 |   N/A |   N/A | 100.0 |  17.6
               +-------+-------+-------+-------+-------+----------------------
